 Dungeon Crawl Stone Soup version 0.22-a0-443-g17c3723931 (webtiles) character file.

48 Ordine the Shield-Bearer (level 4, -5/35 HPs)
             Began as a Formicid Fighter on May 31, 2018.
             Slain by a worm (8 damage)
             ... on level 2 of the Dungeon.
             The game lasted 00:02:50 (1191 turns).

Ordine the Shield-Bearer (Formicid Fighter)         Turns: 1191, Time: 00:02:51

Health: -5/35      AC:  6    Str: 21    XL:     4   Next: 0%
Magic:  4/4        EV:  8    Int:  7    God:
Gold:   59         SH:  9    Dex: 11    Spells: 3/3 levels left

rFire    . . .     SeeInvis +   a - +0 long sword
rCold    . . .     Gourm    .   c - +0 shield
rNeg     . . .     Faith    .   b - +0 scale mail
rPois    .         Spirit   .   (helmet unavailable)
rElec    .         Reflect  .   (no cloak)
rCorr    .         Harm     .   (no gloves)
MR       .....                  (no boots)
Stlth    ..........             k - amulet of inaccuracy (curse)
HPRegen  0.11/turn              (no ring)
MPRegen  0.09/turn              (no ring)

@: no status effects
A: permanent stasis, dig shafts and tunnels, four strong arms, antennae 3
a: Dig, Shaft Self


You were on level 2 of the Dungeon.
You were not hungry.

You visited 1 branch of the dungeon, and saw 2 of its levels.

You collected 59 gold pieces.

Inventory:

Hand Weapons
 a - a +0 long sword (weapon)
Missiles
 j - 3 javelins (quivered)
Armour
 b - a +0 scale mail (worn)
 c - a +0 shield (worn)
Jewellery
 k - a cursed amulet of inaccuracy (around neck)
Potions
 d - a potion of might
 e - a potion of mutation {unknown}
 h - a potion of heal wounds
 i - 2 potions of agility
Comestibles
 f - 3 rations
 g - 9 chunks of flesh


   Skills:
 - Level 3.2 Fighting
 * Level 3.4 Long Blades
 - Level 3.2 Armour
 + Level 4.3 Shields


You had 3 spell levels left.
You didn't know any spells.
Your spell library was empty.

Dungeon Overview and Level Annotations

Branches:
Dungeon (2/15)

Altars:


Innate Abilities, Weirdness & Mutations

You cannot be hasted, slowed, berserked, paralysed or teleported.
You can dig through walls and to a lower floor.
Your four strong arms can wield two-handed weapons with a shield.
You have a pair of large antennae on your head. (SInv)


Message History

You barely miss the worm.
The worm is almost dead.
The rat bites you. The worm bites you!
You are too injured to fight recklessly!
You are too injured to fight recklessly!
You are too injured to fight recklessly!
You hit the worm.
The worm is almost dead.
The rat bites you but does no damage. The worm bites you!
* * * LOW HITPOINT WARNING * * *
You hit the worm but do no damage.
The worm is almost dead.
You block the rat's attack. x2; You block the worm's attack.
You closely miss the worm.
The worm is almost dead.
You block the rat's attack.
You barely miss the worm.
The worm is almost dead.
You block the rat's attack. The worm bites you!
You die...

+...+ . #...# .# #...#
####.###
#...######.......
+...'............
#...######..#....
#...#.......### #
#.###...#............
#...@...#.......#.##.
#....w.r.##.......#.#<.
+........##.......#.#..
#........##............
#........##......##....
#.........+.......####.
#.?.....###.......####.
#.......###............
+.....)........


You could see a worm and a rat.

Vanquished Creatures
  2 worms (D:2)
  2 dart slugs
  2 leopard geckos
  4 bats (D:1)
  A giant cockroach (D:1)
  5 goblins
  6 hobgoblins
  4 kobolds (D:1)
  2 frilled lizards (D:1)
  8 rats
36 creatures vanquished.

Notes
Turn   | Place    | Note
-------+----------+-------------------------------------------
     0 | D:1      | Ordine the Formicid Fighter began the quest for the Orb.
     0 | D:1      | Reached XP level 1. HP: 18/18 MP: 1/1
   194 | D:1      | Reached XP level 2. HP: 24/24 MP: 2/2
   438 | D:1      | Reached skill level 4 in Shields
   618 | D:1      | Reached XP level 3. HP: 29/29 MP: 3/3
  1169 | D:2      | Reached XP level 4. HP: 28/35 MP: 4/4
  1191 | D:2      | Slain by a worm

Vault maps used:
D:1:      saegor_arrival_simple_d

Skill      XL: |  1  2 |
---------------+-------+-----
Shields        | 4 |  4.3
Long Blades    | 3 |  3.4
Fighting       | |  3.2
Armour         | |  3.2

Action                   |  1- 3 |  4- 6 || total
-------------------------+-------+-------++-------
Melee: Long sword        |   168 |    11 ||   179
  Use: Scroll            |     5 |       ||     5
  Eat: Chunk             |     1 |       ||     1
Armor: Scale mail        |    70 |     3 ||    73
Dodge: Dodged            |    61 |     4 ||    65
Block: Shield            |    80 |    11 ||    91
       Rpst.: Long sword |    18 |     1 ||    19

Table legend:
 A = Spawn XP
 B = Non-spawn XP
 C = Spawn XP percentage of total XP
 D = Spawn monster count
 E = Non-spawn monster count
 F = Spawn count percentage of total count
 G = Total turns spent on level
                    A         B        C        D         E        F      G
               +---------+---------+-------+---------+---------+-------+---------
         Total |       0 |      69 |   0.0 |       0 |      36 |   0.0 |  1191
               +---------+---------+-------+---------+---------+-------+---------
           D:1 |       0 |      41 |   0.0 |       0 |      25 |   0.0 |   963
           D:2 |       0 |      28 |   0.0 |       0 |      11 |   0.0 |   228
               +---------+---------+-------+---------+---------+-------+---------
